AoeStats
← 養成計畫

Arena

509967579Analyzed
2v2 RM · 3d ago on Sep 28, 2026· 41m 12s· 4 players
Game mode
Random Map
Map size
Medium (4 player)
Population
200
Speed
Normal
Resources
Standard
Victory
Conquest
Starting age
Dark Age
Ending age
Imperial Age
RankedLock teamsTeams togetherTeam positionsShared explorationLock speedFull tech treeHidden civsTurbo modeCheats
Victory
Defeat
🇦🇷 Franks · Argentina
1141
+12
🇦🇷 Teutons · Argentina
1043
+16
🇦🇷 Bohemians · Argentina
1052
-14
🇦🇷 Poles · Argentina
1052
-14
Lannister
10:15 Feudal Age
14:13 Castle Age
12:46 Double-Bit Axe
18:06 Loom
20:26 Horse Collar
21:06 Bow Saw
23:24 Wheelbarrow
23:41 Gold Mining
23:42 Stone Mining
25:22 Hand Cart
27:53 Coinage
30:03 Imperial Age
27:22 Town Watch
27:47 Heavy Plow
28:05 Forging
27:56 Scale Mail Armor
28:01 Scale Barding Armor
27:59 Squires
27:44 Arson
30:28 Stone Shaft Mining
29:17 Light Cavalry
30:07 Bloodlines
29:57 Husbandry
31:07 Iron Casting
30:48 Chain Mail Armor
30:54 Chain Barding Armor
30:03 Pikeman
31:19 Crop Rotation
30:14 Winged Hussar
31:17 Conscription
31:36 Lechitic Legacy
30:59 Elite Obuch
33:02 Blast Furnace
39:09 Plate Mail Armor
38:22 Capped Ram
40:27 Hoardings
41:09 Chemistry
40:32 Ballistics
39:56 Treadmill Crane
養成計畫
4:44 Loom
10:33 Feudal Age
14:49 Castle Age
13:52 Loom
23:37 Double-Bit Axe
23:42 Horse Collar
25:16 Fletching
29:04 Bow Saw
28:57 Heavy Plow
30:16 Chemistry
33:26 Imperial Age
33:30 Bodkin Arrow
33:36 Padded Archer Armor
35:09 Coinage
LyM.TysanTesmon
8:04 Loom
10:37 Feudal Age
15:02 Castle Age
13:25 Double-Bit Axe
14:27 Stone Mining
17:54 Loom
24:35 Bow Saw
24:18 Gold Mining
28:35 Imperial Age
26:52 Forging
27:53 Husbandry
28:37 Iron Casting
29:43 Conscription
29:23 Town Watch
29:04 Cavalier
31:47 Blast Furnace
32:08 Gold Shaft Mining
34:32 Scale Barding Armor
35:55 Chemistry
36:41 Chain Barding Armor
38:27 Paladin
40:33 Wheelbarrow
41:14 Plate Barding Armor
41:02 Chivalry
LyM. El Arquitecto
0:28 Loom
11:03 Feudal Age
16:13 Castle Age
14:37 Stone Mining
25:43 Wheelbarrow
25:24 Horse Collar
26:22 Town Watch
27:58 Ironclad
27:45 Double-Bit Axe
27:36 Pikeman
28:16 Squires
28:01 Gambesons
32:31 Hand Cart
35:15 Imperial Age
36:21 Scale Mail Armor
36:32 Forging
36:29 Halberdier
36:31 Elite Teutonic Knight
37:33 Conscription
36:39 Capped Ram
38:29 Iron Casting
38:09 Chain Mail Armor
37:46 Fletching
37:48 Arson
40:00 Coinage
40:33 Blast Furnace
Connection lost

Rejoining the realm…

Still unreachable

The connection could not be restored.

Session expired

The server has moved on; the page needs a fresh start.